 Dungeon Crawl Stone Soup version 0.31-a0-149-g3fdcc5976a (webtiles) character file.

Game seed: 4344962477625396427

69 qw the Shooter (level 4, -7/38 HPs)
             Began as a Minotaur Hunter on June 7, 2023.
             Mangled by Sigmund
             ... wielding a +0 scythe
              (9 damage)
             ... on level 2 of the Dungeon.
             The game lasted 00:00:23 (846 turns).

qw the Shooter (Minotaur Hunter)                     Turns: 846, Time: 00:00:23

Health: -7/38      AC:  4    Str: 16    XL:     4   Next: 2%
Magic:  3/3        EV: 12    Int:  6    God:
Gold:   75         SH:  0    Dex: 15    Spells: 3/3 levels left

rFire   . . .        Y - +1 shortbow
rCold   . . .        (shield currently unavailable)
rNeg    . . .        c - +0 leather armour
rPois   .            (helmet restricted)
rElec   .            f - +0 cloak
rCorr   .            (no gloves)
SInv    .            (no boots)
Will    .....        (no amulet)
Stlth   +            (no ring)
HPRegen 0.26/turn    (no ring)
MPRegen 0.08/turn

%: no passive effects
@: no status effects
A: horns 2, retaliatory headbutt
a: no special abilities


You were on level 2 of the Dungeon.
You visited 1 branch of the dungeon, and saw 2 of its levels.

You collected 75 gold pieces.


Innate Abilities, Weirdness & Mutations

You have a pair of horns on your head.
You reflexively headbutt those who attack you in melee.


   Skills:
 - Level 3.0 Fighting
 + Level 5.9 Ranged Weapons
 - Level 2.1 Dodging
 - Level 0.7 Stealth


You had 3 spell levels left.
You didn't know any spells.
Your spell library was empty.

Inventory:

Hand Weapons
 Y - a +1 shortbow (weapon)
Armour
 a - a +0 pair of gloves
 c - a +0 leather armour (worn)
 f - a +0 cloak (worn)
Potions
 d - a potion of degeneration {unknown}
 g - a potion of cancellation {unknown}
 i - a potion of curing {unknown}

Dungeon Overview and Level Annotations

Branches:
Dungeon (2/15)

Altars:
Wu Jian

Annotations:
D:2 exclusion: 2 gnolls, Sigmund


Message History

Sigmund gestures wildly while chanting.
Sigmund flickers and vanishes!
Deactivating autopickup; reactivate with Ctrl-A.
You shoot an arrow. The arrow completely misses the bat.
The bat hits you but does no damage.
A frilled lizard comes into view.
You are confused.
The frilled lizard hisses angrily.
The bat hits you but does no damage. The bat hits you but does no damage.
The bat closely misses you.
You feel less confused. The bat hits you but does no damage.
Something hits you but does no damage.
You shoot an arrow. The arrow hits the bat!
You kill the bat!
Something hits you.
You shoot an arrow. The arrow misses the frilled lizard.
The frilled lizard bites you.
You shoot an arrow. The arrow hits the frilled lizard.
You kill the frilled lizard!
Something hits you.
You shoot an arrow. Something hits you.
You shoot an arrow. Something hits you.
You shoot an arrow. You shoot an arrow.
You hear some strange, mumbled words.
A puff of flame appears from out of thin air!
The puff of flame hits you.
You shoot an arrow. Something hits you.
You shoot an arrow. Something hits you but does no damage.
You shoot an arrow. Something hits you!
You shoot an arrow. You shoot an arrow. Something hits you!
You die...

#......#.........#...
#......#.............
#........#..........%
#.......###.##.....##
#......## #........##
#.......###....._....
#.........#.##.......
#...........##.......
##{%@...###..........
......######
#####...... ......
#.....> ..... ##.....
... #..... .. ######
.


There were no monsters in sight!

Vanquished Creatures
  3 gnolls (D:2)
  An adder (D:2)
  A worm (D:2)
  A dart slug (D:2)
  3 ball pythons (D:1)
  6 bats
  2 giant cockroaches (D:1)
  2 hobgoblins (D:2)
  2 quokkas (D:2)
  3 frilled lizards
  2 goblins
  2 kobolds
28 creatures vanquished.

Notes
Turn   | Place    | Note
-------+----------+-------------------------------------------
     0 | D:1      | qw the Minotaur Hunter began the quest for the Orb.
     0 | D:1      | Reached XP level 1. HP: 18/18 MP: 0/0
     0 | D:1      | 0 ||| qw: Version: 0.2-a-117-gc6b5c8b
     0 | D:1      | 0 ||| qw: Game counter: 2595
     0 | D:1      | 0 ||| qw: Always use a shield: true
     0 | D:1      | 0 ||| qw: God list: Okawaru
     0 | D:1      | 0 ||| qw: Allow faded altars: false
     0 | D:1      | 0 ||| qw: Do Orc after D:15 true
     0 | D:1      | 0 ||| qw: Do second Lair branch before Depths: true
     0 | D:1      | 0 ||| qw: Lair rune preference: random
     0 | D:1      | 0 ||| qw: Plans: Normal
     0 | D:1      | 0 ||| PLANNING D:1-11
   288 | D:1      | Reached XP level 2. HP: 25/25 MP: 1/1
   360 | D:1      | Reached skill level 5 in Ranged Weapons
   428 | D:1      | Found a faded altar of an unknown god.
   570 | D:1      | 570 ||| UPGRADING to +0 cloak.
   575 | D:1      | 575 ||| DROPPING ring of flight.
   576 | D:1      | 576 ||| READING scroll labelled EPUVUJ TOAPN.
   577 | D:1      | 577 ||| READING scroll labelled FOT WAUSITHRI.
   578 | D:1      | 578 ||| DROPPING scroll of butterflies.
   596 | D:2      | Reached skill level 3 in Fighting
   648 | D:2      | Reached XP level 3. HP: 31/31 MP: 2/2
   656 | D:2      | HP: 6/31 [gnoll/+0 halberd (15)]
   657 | D:2      | 657 ||| READING scroll labelled BOLLUZ ROAMEEZ.
   789 | D:2      | Found an ornate altar of the Wu Jian Council.
   817 | D:2      | Reached XP level 4. HP: 38/38 MP: 3/3
   827 | D:2      | Noticed Sigmund
   842 | D:2      | HP: 9/38 [something (3)]
   844 | D:2      | HP: 2/38 [something (8)]
   846 | D:2      | Mangled by Sigmund

Levels and vault maps discovered:
D:1:      minmay_arrival_diagonal_passages, layout_loops_ring,
          shapermc_ecumenical_altar_mp_urbaneastern, hangedman_decor_growths
D:2:      layout_rooms, basic_altar, uniq_sigmund, uniq_robin

Skill      XL: |  1  2 |
---------------+-------+-----
Ranged Weapons | 5 |  5.9
Fighting       | 3 |  3.0
Dodging        | |  2.1
Stealth        | |  0.7

Action                     |  1- 3 |  4- 6 || total
---------------------------+-------+-------++-------
   Fire: Shortbow          |    73 |    14 ||    87
    Use: Scroll            |     3 |       ||     3
 Armour: Leather armour    |     3 |     7 ||    10
  Dodge: Dodged            |    10 |     1 ||    11

Table legend:
 A = Non-vault XP
 B = Vault XP
 C = Vault XP percentage of total XP
 D = Non-vault monster count
 E = Vault monster count
 F = Vault count percentage of total count
                 A         B        C        D         E       F
            +---------+---------+-------+---------+---------+-------
      Total |      99 |       0 |   0.0 |      28 |       0 |   0.0
            +---------+---------+-------+---------+---------+-------
        D:1 |      17 |       0 |   0.0 |      11 |       0 |   0.0
        D:2 |      82 |       0 |   0.0 |      17 |       0 |   0.0
            +---------+---------+-------+---------+---------+-------
